 Dungeon Crawl Stone Soup version 0.19.5 (webtiles) character file.

125 tricornhat the Cudgeler (level 4, 0/35 HPs)
             Began as a Demonspawn Berserker on Mar 24, 2017.
             Was a Believer of Trog.
             Killed by divine providence
             ... invoked by an orc priest
              (14 damage)
             ... on level 3 of the Dungeon.
             The game lasted 00:08:44 (2575 turns).

tricornhat the Cudgeler (Demonspawn Berserker)      Turns: 2575, Time: 00:08:45

Health: 0/35       AC:  3    Str: 18    XL:     4   Next: 82%
Magic:  4/4        EV: 12    Int:  8    God:    Trog [**....]
Gold:   124        SH:  0    Dex: 13    Spells: 0 memorised, 3 levels left

rFire  . . .     SeeInvis .     a - +0 mace
rCold  . . .     Gourm    .     l - +0 leather armour
rNeg   . . .     Faith    .     (no shield)
rPois  .         Spirit   .     (helmet restricted)
rElec  .         Reflect  .     (no cloak)
rCorr  .         Harm     .     (no gloves)
MR     .....                    (no boots)
Stlth  +.........               (no amulet)
                                (no ring)
                                (no ring)

@: no status effects
A: claws 1, horns 1
a: Berserk, Trog's Hand, Burn Spellbooks, Renounce Religion


You were on level 3 of the Dungeon.
You worshipped Trog.
Trog was pleased with you.
You were not hungry.

You visited 1 branch of the dungeon, and saw 3 of its levels.

You collected 124 gold pieces.

Inventory:

Hand Weapons
 a - a +0 mace (weapon)
Armour
 b - a +0 animal skin
 l - a +0 leather armour (worn)
Jewellery
 g - an uncursed ring of magical power {unknown}
 i - an uncursed ring of protection from cold {unknown}
 k - a +2 ring of strength {unknown}
Scrolls
 e - a scroll of immolation {unknown}
 f - 2 scrolls of random uselessness {unknown}
 h - a scroll of enchant weapon {unknown}
 j - a scroll of enchant armour {unknown}
 m - 3 scrolls of identify {unknown}
Comestibles
 c - a bread ration
 d - 3 meat rations


   Skills:
 + Level 3.5 Fighting
 * Level 4.4 Maces & Flails
 + Level 2.2 Armour
 - Level 2.0 Dodging


You had 3 spell levels left.
You didn't know any spells.

Dungeon Overview and Level Annotations

Branches:
Dungeon (3/15)

Altars:
Elyvilon
Fedhas
Kikubaaqudgha
Nemelex Xobeh
Zin
The Shining One


Innate Abilities, Weirdness & Mutations

You have sharp fingernails.
You have a pair of small horns on your head.


Message History

There is an open door here.
There is a stone staircase leading down here.
You climb downwards.
Found 11 arrows and 15 bolts.
There is a stone staircase leading up here.
An orc priest comes into view. It is wielding a club.
You see here 11 arrows.
The orc priest shouts!
The orc priest invokes the aid of Beogh against you.
Beogh smites you!
Found a scroll labeled ANONOY KARPHOORI.
Found a stone staircase leading up.
An orc comes into view. It is wielding a short sword.
The orc shouts!
A leopard gecko comes into view.
The orc priest mumbles some strange prayers to Beogh against you.
Pain shoots through your body!
The orc priest mumbles some strange prayers to Beogh against you.
Beogh smites you!
You die...

.# #.# ## ...
.##.#
####....#
#..<....##
#..@.....#
#......#.#
###..#.....
#........#.##
#.........(#
#
#.##.......#
#...o...#
#....o..#
?...<....


You could see an orc priest and an orc.

Vanquished Creatures
  Jessica (D:2)
  6 adders (D:2)
  3 giant cockroaches
  3 goblins
  11 hobgoblins
  6 bats
  3 frilled lizards (D:1)
  8 kobolds
  4 rats
45 creatures vanquished.

Notes
Turn   | Place    | Note
-------+----------+-------------------------------------------
     0 | D:1      | tricornhat the Demonspawn Berserker began the quest for the Orb.
     0 | D:1      | Reached XP level 1. HP: 18/18 MP: 1/1
   578 | D:1      | Gained mutation: You have sharp fingernails. [demonic ancestry]
   578 | D:1      | Reached XP level 2. HP: 13/24 MP: 2/2
   654 | D:1      | Found a glowing golden altar of the Shining One.
   823 | D:1      | Reached skill level 3 in Maces & Flails
  1255 | D:2      | Reached ** piety under Trog
  1499 | D:2      | Reached XP level 3. HP: 13/29 MP: 3/3
  1700 | D:2      | Found a blossoming altar of Fedhas.
  1729 | D:2      | Found an ancient bone altar of Kikubaaqudgha.
  1746 | D:2      | Found a white marble altar of Elyvilon.
  1757 | D:2      | Found a sparkling altar of Nemelex Xobeh.
  1781 | D:2      | Noticed Jessica
  1812 | D:2      | HP: 1/43 [Jessica/enchanted club (2)]
  1813 | D:2      | Killed Jessica
  1813 | D:2      | Reached skill level 4 in Maces & Flails
  1813 | D:2      | Gained mutation: You have a pair of small horns on your head. [demonic ancestry]
  1813 | D:2      | Reached XP level 4. HP: 1/35 MP: 4/4
  2103 | D:2      | Found a glowing silver altar of Zin.
  2575 | D:3      | Killed from afar by an orc priest

Skill      XL: |  1  2  3 |
---------------+----------+-----
Dodging        | 2 |  2.0
Maces & Flails | 3 4 |  4.4
Armour         | 2 |  2.2
Fighting       | |  3.5

Action                   |  1- 3 |  4- 6 || total
-------------------------+-------+-------++-------
Melee: Mace              |   119 |    34 ||   153
       Headbutt          |       |     4 ||     4
Invok: Berserk           |     2 |       ||     2
  Use: Potion            |     3 |       ||     3
 Stab: Sleeping          |     1 |       ||     1
  Eat: Chunk             |     1 |     2 ||     3
       Bread ration      |     1 |       ||     1
Armor: Animal skin       |     3 |       ||     3
       Leather armour    |    27 |    10 ||    37
Dodge: Dodged            |    83 |    30 ||   113
